 Dungeon Crawl Stone Soup version 0.23.2-33-g5129a83184 (webtiles) character file.

Game seed: 3281533772349636900

39 doot the Conjurer (level 3, -2/28 HPs)
             Began as a Demigod Wanderer on June 28, 2019.
             Slain by a hound (3 damage)
             ... on level 2 of the Dungeon.
             The game lasted 00:02:23 (1325 turns).

doot the Conjurer (Demigod Wanderer)                Turns: 1325, Time: 00:02:23

Health: -2/28      AC:  2    Str: 17    XL:     3   Next: 13%
Magic:  5/6        EV: 12    Int: 16    God:
Gold:   41         SH:  0    Dex: 15    Spells: 3/4 levels left

rFire    . . .     SeeInvis .   j - +0 whip
rCold    . . .     Gourm    .   (no shield)
rNeg     . . .     Faith    .   d - +0 robe
rPois    .         Spirit   .   (no helmet)
rElec    .         Reflect  .   (no cloak)
rCorr    .         Harm     .   (no gloves)
MR       .....                  (no boots)
Stlth    ++........             (no amulet)
HPRegen  0.09/turn              (no ring)
MPRegen  0.10/turn              (no ring)

@: no status effects
A: high mp 1
a: no special abilities


You were on level 2 of the Dungeon.
You were very hungry.

You visited 1 branch of the dungeon, and saw 2 of its levels.

You collected 41 gold pieces.

Inventory:

Hand Weapons
 a - a +0 short sword
 j - a +0 whip (weapon)
Armour
 d - a +0 robe (worn)
Jewellery
 e - a +2 ring of dexterity {unknown}
Wands
 c - a wand of random effects (15)
Scrolls
 h - a scroll of fog {unknown}
 i - a scroll of identify {unknown}
Potions
 b - 2 potions of curing {unknown}
 g - a potion of degeneration {unknown}
Comestibles
 f - a ration


   Skills:
 + Level 1.0 Fighting
 + Level 1.1 Short Blades
 + Level 1.0 Dodging
 + Level 1.0 Stealth
 + Level 1.0 Spellcasting
 + Level 4.3 Conjurations
   Level 1.0 Earth Magic
 + Level 1.1 Evocations


You had 3 spell levels left.
You knew the following spells:

 Your Spells              Type           Power        Failure   Level  Hunger
a - Magic Dart            Conj           ##..         3%          1    ##.....

Your spell library contained the following spells:

 Spells                   Type           Power        Failure   Level  Hunger
 Searing Ray              Conj           ##....       6%          2    ###....
 Dazzling Spray           Conj/Hex       #.....       28%         3    ####...
 Iskenderun's Mystic Bla  Conj           ##......     36%         4    #####..
 Force Lance              Conj/Tloc      #.......     67%         4    #####..
 Fulminant Prism          Conj/Hex       #.........   67%         4    #####..


Dungeon Overview and Level Annotations

Branches:
Dungeon (2/15)


Innate Abilities, Weirdness & Mutations

You have an increased reservoir of magic. (+10% MP)


Message History

The hound is moderately wounded.
The hound barely misses you. The hound bites you but does no damage.
You closely miss the hound.
The hound is moderately wounded.
The hound bites you.
You hit the hound but do no damage.
The hound is moderately wounded.
The hound bites you.
* * * LOW HITPOINT WARNING * * *
The hound bites you.
* * * LOW HITPOINT WARNING * * *
Casting: Magic Dart (safe; 3% risk of failure)
Confirm with . or Enter, or press ? or * to list all spells.
Aiming: Magic Dart (safe; 3% risk of failure)
Press: ? - help, Shift-Dir - straight line, f - hound
Aim: a hound (moderately wounded)
The magic dart hits the hound but does no damage.
The hound is moderately wounded.
The hound bites you.
You die...

##.# #...........#
#..# #.<...g. #.#
#...........# #..#
#....... #.#
#...........# #..#
#....... #.#
#...........# #..#
#....... ##.#
##############
#.......
.#.#########........
#.......
.#.##.....##.#####
#.......
.#...............#
.........
.####.....##.###@#
##....... .#
#.....##.#.h....#
#....... .#
#.....##.#......#
######## .#
#.<...##.#......# .#
########.#......#
######## #.#......#
........ #.#.......
........ #<.....##
.#######


You could see a hound.

Vanquished Creatures
  2 gnolls
  3 dart slugs
  A bat (D:2)
  A giant cockroach (D:2)
  3 hobgoblins
  A quokka (D:2)
  A goblin (D:1)
  A kobold (D:1)
  2 rats (D:1)
15 creatures vanquished.

Notes
Turn   | Place    | Note
-------+----------+-------------------------------------------
     0 | D:1      | doot the Demigod Wanderer began the quest for the Orb.
     0 | D:1      | doot set off with the following items: a +0 short sword, a
                  | wand of random effects (15), a +0 robe, a ration; and the
                  | following spell memorised: Magic Dart; and the following
                  | spells available to memorise: Searing Ray, Dazzling Spray,
                  | Iskenderun's Mystic Blast, Force Lance, Fulminant Prism
     0 | D:1      | Reached XP level 1. HP: 16/16 MP: 3/3
   548 | D:1      | Reached skill level 4 in Conjurations
   724 | D:2      | Reached XP level 2. HP: 23/23 MP: 2/5
  1073 | D:1      | Reached skill level 1 in Spellcasting
  1073 | D:1      | Reached XP level 3. HP: 9/28 MP: 0/6
  1324 | D:2      | HP: 1/28 [hound (6)]
  1325 | D:2      | Slain by a hound

Skill      XL: |  1  2 |
---------------+-------+-----
Conjurations   | 4 |  4.3
Spellcasting   | 1 |  1.0
Fighting       | |  1.0
Short Blades   | |  1.1
Dodging        | |  1.0
Stealth        | |  1.0
Earth Magic    | |  1.0
Evocations     | |  1.1

Action                   || total
-------------------------++-------
Melee: Short sword       ||    19
       Whip              ||    10
 Cast: Magic Dart        ||    42
 Stab: Sleeping          ||     1
  Eat: Chunk             ||     2
Armor: Robe              ||     2
Dodge: Dodged            ||    23
